 Dungeon Crawl Stone Soup version 0.23-a0-612-gcb482e9 (webtiles) character file.

28 Borgoz the Skirmisher (level 3, -2/30 (31) HPs)
             Began as a Ghoul Abyssal Knight on Dec 22, 2018.
             Was a Follower of Lugonu.
             Slain by a hobgoblin (5 damage)
             ... on level 1 of the Dungeon.
             The game lasted 00:01:31 (966 turns).

Borgoz the Skirmisher (Ghoul Abyssal Knight)         Turns: 966, Time: 00:01:31

HP:   -2/30 (31)    AC:  3    Str: 14 (15) XL:     3   Next: 12%
MP:   3/3           EV: 11    Int: 11 (12) God:    Lugonu [*.....]
Gold: 51            SH:  0    Dex:  7 (9)  Spells: 2/2 levels left

rFire    . . .     SeeInvis .   a - +1 hand axe
rCold    + . .     Gourm    .   (no shield)
rNeg     + + +     Faith    .   b - +0 leather armour
rPois    ∞         Spirit   .   (no helmet)
rElec    .         Reflect  .   (no cloak)
rCorr    .         Harm     .   (no gloves)
MR       .....                  (no boots)
Stlth    +.........             (no amulet)
HPRegen  0.00/turn              (no ring)
MPRegen  0.08/turn              (no ring)

@: brilliant, rotting
A: rotting body, claws 1, carnivore, cold resistance 1, negative energy
resistance 3, inhibited regeneration, torment resistance, unbreathing
a: Depart the Abyss, Renounce Religion


You were on level 1 of the Dungeon.
You worshipped Lugonu.
Lugonu was aware of your devotion.
You were not hungry.

You visited 1 branch of the dungeon, and saw 2 of its levels.
You visited the Abyss 1 time.

You collected 51 gold pieces.

Inventory:

Hand Weapons
 a - a +1 hand axe (weapon)
Armour
 b - a +0 leather armour (worn)
Wands
 d - a wand of digging (6)
Scrolls
 e - a scroll of remove curse {unknown}
 g - a scroll of enchant armour {unknown}
 h - a scroll of teleportation {unknown}
 i - a scroll of fear {unknown}
 j - 4 scrolls of enchant weapon {unknown}
Comestibles
 c - 3 rations


   Skills:
 + Level 3.6 Fighting
 + Level 2.1 Axes
 + Level 2.1 Armour
 + Level 1.3 Dodging
 + Level 2.4 Invocations


You had 2 spell levels left.
You didn't know any spells.
Your spell library was empty.

Dungeon Overview and Level Annotations

Branches:
Dungeon (2/15)

Altars:

Annotations:
D:2 Natasha


Innate Abilities, Weirdness & Mutations

Your body is rotting away.
You thrive on raw meat.
You are immune to poison.
You have sharp fingernails.
You are carnivorous and can eat meat at any time.
Your flesh is cold resistant. (rC+)
You are immune to negative energy. (rN+++)
You do not regenerate when monsters are visible.
You are immune to unholy pain and torment.
You can survive without breathing.


Message History

The hobgoblin is almost dead.
You closely miss the gnoll. The hobgoblin closely misses you.
The gnoll hits you with a +0 whip!
* * * LOW HITPOINT WARNING * * *
It was a potion of magic.
Magic courses through your body. The hobgoblin barely misses you.
The gnoll barely misses you.
It was a potion of mutation.
You feel extremely strange.
Your body decomposes!
You feel dopey.
Your body decomposes!
You feel weakened.
Your body decomposes!
You feel clumsy.
Your body decomposes!
You feel clumsy. The hobgoblin barely misses you. The gnoll barely misses you.
It was a potion of brilliance.
You feel clever all of a sudden. The hobgoblin hits you.
You die...

#..###...## #.# #.#####.#.#
#....##'#####.# #.# #.#.#
#[............###.# #.#.#
##.....###........# #...#
#.#÷### #.######.#####.###
#.#.# #.# #.......# #.#.#
#.# ####..### ## #.#(#
#.#########..######. #.#.#
#.g@g............... #.#.#
###########..######. #.#.#
#.......)# #.#.#
#####..######.
#.#.###########.............
#.#..................#####..
#.#############.####.#####..
#.# #.# #........ #.# #.#
#.#####..


You could see a gnoll and a hobgoblin.

Vanquished Creatures
  2 dart slugs (D:1)
  5 goblins
  2 hobgoblins (D:1)
  6 jackals (D:1)
  A ball python (D:1)
  2 bats (D:1)
  4 kobolds (D:1)
22 creatures vanquished.

Notes
Turn   | Place    | Note
-------+----------+-------------------------------------------
     0 | Abyss:1  | Borgoz the Ghoul Abyssal Knight began the quest for the
                  | Orb.
     0 | Abyss:1  | Reached XP level 1. HP: 19/19 MP: 1/1
    18 | Abyss:2  | Noticed a small abomination
    20 | D:1      | Escaped the Abyss
   100 | D:1      | Reached skill level 1 in Dodging
   157 | D:1      | Reached XP level 2. HP: 11/25 MP: 2/2
   381 | D:1      | Reached * piety under Lugonu
   578 | D:1      | Reached XP level 3. HP: 26/31 MP: 3/3
   953 | D:2      | Noticed Natasha
   966 | D:1      | Slain by a hobgoblin

Vault maps used:
D:1:      onia_arrival_mini_maze, dk_noncrumbling_3, moated_statue
D:2:      wander_river, first_ration, kennysheep_slug_shrine, uniq_jessica,
          uniq_natasha
Abyss:1:  hangedman_eye_storm

Skill      XL: |  1  2 |
---------------+-------+-----
Dodging        | 1 |  1.3
Axes           | 2 |  2.1
Armour         | 2 |  2.1
Fighting       | |  3.6
Invocations    | |  2.4

Action                   || total
-------------------------++-------
Melee: Hand axe          ||    90
Invok: Depart the Abyss  ||     1
  Use: Potion            ||     3
  Eat: Chunk             ||     6
Armor: Leather armour    ||    46
Dodge: Dodged            ||    87

Table legend:
 A = Non-vault XP
 B = Vault XP
 C = Vault XP percentage of total XP
 D = Non-vault monster count
 E = Vault monster count
 F = Vault count percentage of total count
                 A         B        C        D         E       F
            +---------+---------+-------+---------+---------+-------
      Total |      40 |       0 |   0.0 |      22 |       0 |   0.0
            +---------+---------+-------+---------+---------+-------
        D:1 |      39 |       0 |   0.0 |      21 |       0 |   0.0
        D:2 |       1 |       0 |   0.0 |       1 |       0 |   0.0
            +---------+---------+-------+---------+---------+-------
